 Dungeon Crawl Stone Soup version 0.31-a0-848-gaac375c287 (webtiles) character file.

Game seed: 13988031496048103010

260538 Dirtsage the Executioner (level 19, 0/172 HPs)
             Began as a Hill Orc Fighter on Oct 3, 2023.
             Was the Champion of Qazlal.
             Killed from afar by a deep elf annihilator (40 damage)
             ... with an iron shot
             ... on level 3 of the Elven Halls on Oct 4, 2023.
             The game lasted 01:29:17 (34260 turns).

Dirtsage the Executioner (Hill Orc Fighter)        Turns: 34260, Time: 01:29:18

Health: 0/172      AC: 28    Str: 25    XL:     19   Next: 93%
Magic:  43/51      EV: 12    Int: 13    God:    Qazlal [******]
Gold:   2195       SH: 19    Dex:  7    Spells: 13/22 levels left

rFire   + . .        Y - +9 broad axe (vamp)
rCold   + . .        k - +0 kite shield {reflect}
rNeg    . . .        L - +0 swamp dragon scales
rPois   +            O - +3 hat of Pondering {ponderous, Will+ MP+10 Int+5}
rElec   .            v - +1 cloak
rCorr   +            z - +2 pair of gloves
SInv    +            o - +0 pair of boots
Will    ++...        W - amulet "Hiow" {rC+ Regen+} Stlth
                     S - ring of the Hippogriff {rCorr MP+9 Dex-3 SInv}
HPRegen 1.28/turn    F - ring of protection from fire
MPRegen 0.32/turn

%: repel missiles, reflection
@: about to teleport, protected from physical damage, slow
A: iridescent scales 1, shaggy fur 1, weak 1
}: 2/15 runes: decaying, serpentine
a: Renounce Religion, Upheaval, Elemental Force, Disaster Area


You were on level 3 of the Elven Halls.
You worshipped Qazlal.
Qazlal was exalted by your worship.
You visited 8 branches of the dungeon, and saw 35 of its levels.
You also visited: Gauntlet and Ice Cave.

You collected 3515 gold pieces.
You spent 1320 gold pieces at shops.

Inventory:

Hand Weapons
 x - a +1 war axe of flaming
 Y - a +9 vampiric broad axe (weapon)
Missiles
 a - 10 silver javelins
Armour
 k - a +0 kite shield of reflection (worn)
 o - a +0 pair of boots (worn)
 v - a +1 cloak (worn)
 z - a +2 pair of gloves (worn)
 L - +0 swamp dragon scales (worn)
 M - +0 ice dragon scales
 O - the +3 hat of Pondering (worn) {ponderous, Will+ MP+10 Int+5}
   (You took it off Gastronok on level 2 of the Lair of Beasts)

   Int+5:     It affects your intelligence (+5).
   Will+:     It increases your willpower.
   MP+10:     It affects your magic capacity (+10).
Jewellery
 w - the ring of Cynicism {Will+ Int+2}
   (You found it in a Gauntlet)

   [ring of willpower]

   Int+2:     It affects your intelligence (+2).
   Will+:     It increases your willpower.
 F - a ring of protection from fire (right hand)
 I - a ring of protection from cold
 N - a ring of positive energy
 S - the ring of the Hippogriff (left hand) {rCorr MP+9 Dex-3 SInv}
   (You found it in a Gauntlet)

   [ring of resist corrosion]

   Dex-3:     It affects your dexterity (-3).
   MP+9:      It affects your magic capacity (+9).
   SInv:      It lets you see invisible.
   rCorr:     It protects you from acid and corrosion.
 W - the amulet "Hiow" (around neck) {rC+ Regen+}
   (You bought it in a shop on level 1 of the Orcish Mines)

   [amulet of regeneration]

   rC+:       It protects you from cold.
   Regen+:    It increases your rate of health regeneration.
Wands
 s - a wand of quicksilver (18)
 D - a wand of digging (14)
 E - a wand of paralysis (45)
Scrolls
 e - 3 scrolls of fog
 f - 3 scrolls of poison
 g - 7 scrolls of fear
 i - 10 scrolls of identify
 p - 4 scrolls of immolation
 t - 12 scrolls of teleportation
 u - 3 scrolls of amnesia
 y - 4 scrolls of noise
 B - 6 scrolls of blinking
 C - 2 scrolls of summoning
 G - a scroll of silence
 J - 5 scrolls of revelation
 R - 8 scrolls of enchant armour
 T - a scroll of brand weapon
 Z - 2 scrolls of enchant weapon
Potions
 b - a potion of magic
 c - 2 potions of attraction
 d - 3 potions of might
 h - 8 potions of haste
 j - 2 potions of berserk rage
 l - 7 potions of heal wounds
 m - a potion of cancellation
 n - 3 potions of resistance
 q - 9 potions of curing
 r - 3 potions of brilliance
 A - 4 potions of enlightenment
 K - 4 potions of lignification
 P - 5 potions of mutation
 Q - a potion of invisibility
Miscellaneous
 H - a phial of floods
 U - a lightning rod (4/4)
 V - a tin of tremorstones (2/2)
 X - a phantom mirror


   Skills:
 + Level 15.7 Fighting
 + Level 22.6 Axes
 + Level 14.3 Armour
 - Level 7.1 Dodging
 + Level 13.3 Shields
 + Level 2.3 Spellcasting
 + Level 8.0 Hexes
 + Level 2.5 Translocations
 + Level 5.9 Transmutations
 + Level 18.6 Invocations
 - Level 10.6 Evocations


You had 13 spell levels left.
You knew the following spells:

 Your Spells              Type           Power      Damage    Failure   Level
a - Wereblood             Tmut           17%        N/A       7%          2
b - Yara's Violent Unrav  Hex/Tmut       9%         3d6       63%         5
c - Lesser Beckoning      Tloc           16%        N/A       26%         2

Your spell library contained the following spells:

 Spells                   Type           Power      Damage    Failure   Level
 Slow                     Hex            88%        N/A       1%          1
 Confusing Touch          Hex            22%        N/A       5%          3
 Sigil of Binding         Hex            22%        N/A       5%          3
 Tukima's Dance           Hex            22%        N/A       5%          3
 Cause Fear               Hex            11%        N/A       19%         4
 Blink                    Tloc           16%        N/A       26%         2
 Summon Guardian Golem    Hex/Summ       11%        N/A       28%         3
 Momentum Strike          Conj/Tloc      8%         3d8       41%         2
 Foxfire                  Conj/Fire      4%         2x1d4     45%         1
 Necrotise                Necr           4%         1d4       45%         1
 Summon Small Mammal      Summ           4%         N/A       45%         1
 Gell's Gravitas          Tloc           8%         N/A       47%         3
 Teleport Other           Tloc           8%         N/A       47%         3
 Static Discharge         Conj/Air       2%         2-3/arc   58%         2
 Volatile Blastmotes      Fire/Tloc      8%         2d10      65%         3
 Fulminant Prism          Conj/Hex       5%         3d6       67%         4
 Call Canine Familiar     Summ           1%         N/A       83%         3
 Vampiric Draining        Necr           1%         2d6       83%         3
 Manifold Assault         Tloc           8%         N/A       87%         4
 Passage of Golubria      Tloc           8%         N/A       87%         4
 Summon Mana Viper        Hex/Summ       11%        N/A       95%         5
 Iskenderun's Mystic Bla  Conj/Tloc      4%         2d3       96%         4
 Airstrike                Air            0%         2d(1-17)  99%         4
 Animate Dead             Necr           1%         N/A       99%         4
 Summon Ice Beast         Ice/Summ       1%         N/A       99%         4
 Summon Lightning Spire   Summ/Air       1%         N/A       99%         4
 Alistair's Intoxication  Tmut/Pois      6%         N/A       99%         5
 Agony                    Necr           1%         N/A       100%        5
 Borgnjor's Vile Clutch   Necr/Erth      0%         N/A       100%        5
 Fireball                 Conj/Fire      0%         3d3       100%        5
 Death Channel            Necr           0%         N/A       100%        6
 Eringya's Noxious Bog    Tmut/Pois      4%         4d6       100%        6
 Plasma Beam              Fire/Air       0%         2x1d10    100%        6
 Starburst                Conj/Fire      0%         6d3       100%        6
 Haunt                    Necr/Summ      0%         N/A       100%        7
 Monstrous Menagerie      Summ           0%         N/A       100%        7
 Dragon's Call            Summ           0%         N/A       100%        9


Dungeon Overview and Level Annotations

Branches:
Dungeon (15/15)            Temple (1/1) D:7            Lair (5/5) D:10
  Swamp (4/4) Lair:2        Snake (4/4) Lair:2        Slime (0/5) Lair:5
    Orc (2/2) D:12            Elf (3/3) Orc:2        Vaults (0/5) D:14
 Depths (1/4) D:15          IceCv (visited)         Gauntlet (visited)

Altars:
Ashenzari
Cheibriados
Dithmenos
Elyvilon
Fedhas
Gozag
Hepliaklqana
Kikubaaqudgha
Makhleb
Nemelex Xobeh
Okawaru
Qazlal
Ru
Sif Muna
Trog
Uskayaw
Vehumet
Wu Jian
Xom
Yredelemnul
Zin
The Shining One
Jiyva

Shops:
D:2 *(*=   D:5 (   Orc:1 *   Orc:2 ([!?   Elf:3 :


Innate Abilities, Weirdness & Mutations

You are partially covered in iridescent scales. (AC +2)
You are covered in fur. (AC +1)
You are weak. (Str -2)


Message History

The deep elf blademaster hits you with a +0 rapier.
* * * LOW HITPOINT WARNING * * *
The deep elf elementalist is engulfed in freezing vapours.
You block the deep elf blademaster's attack. x2
You take 16 damage, and have 40/172 hp.
You hit the deep elf blademaster but do no damage.
The deep elf blademaster is heavily wounded.
You barely miss the deep elf blademaster.
You block the deep elf blademaster's attack.
The deep elf blademaster barely misses you.
The deep elf elementalist is engulfed in freezing vapours.
The deep elf blademaster hits you but does no damage. x3
The deep elf blademaster hits you with a +0 rapier.
* * * LOW HITPOINT WARNING * * *
You feel more protected from physical attacks.
You take 2 damage, and have 38/172 hp.
As you read the scroll of teleportation, it crumbles to dust.
You feel strangely unstable.
The deep elf elementalist is engulfed in freezing vapours.
The deep elf elementalist gestures next to you while chanting.
The wall shatters!
The blast of rock fragments hits you but does no damage.
You block the deep elf blademaster's attack. x2
The deep elf blademaster hits you but does no damage.
The deep elf blademaster closely misses you.
The deep elf elementalist is engulfed in freezing vapours.
You kill the deep elf elementalist!
Qazlal accepts your kill.
Your Hexes skill increases to level 8!
You miss the deep elf blademaster.
The deep elf blademaster is heavily wounded.
You slash the deep elf blademaster!
You kill the deep elf blademaster!
Qazlal accepts your kill.
The deep elf blademaster hits you but does no damage.
You block the deep elf blademaster's attack.
The deep elf annihilator points at you and mumbles some strange words.
The iron shot hits you!!!
You feel more protected from physical attacks.
You die...

+...##
#########...##
##...##
##.....##
#.....#
#.......#
#.....##
##.....##
#####).#
##...## ##)###
##.## #).)##
### ###).#
##@# #)e# #)e#
#ee# #2)# #..#
#..# #..#


You could see a deep elf blademaster, a deep elf annihilator, a blizzard demon
(summoned), a deep elf elementalist (repels missiles) and a deep elf
demonologist.

Vanquished Creatures
  Vashnia (Snake:2)
  Nikola (Swamp:1)
  Jorgrun (Orc:2)
  Mlioglotl (Snake:4)
  A quicksilver dragon (Snake:4)
  A deep elf blademaster (Elf:3)
  Gastronok (Lair:2)
  2 thorn hunters
  Donald (Swamp:4)
  3 nagarajas (Snake:4)
  Aizul (Swamp:2)
  A fenstrider witch (Swamp:4)
  A fire giant (Depths:1)
  Louise (Swamp:2)
  4 deep elf sorcerers (Elf:3)
  3 deep elf elementalists (Elf:3)
  An orc warlord (Orc:1)
  4 eleionomae
  2 deep elf demonologists (Elf:3)
  6 bunyips
  2 deep elf annihilators (Elf:3)
  Snorg (D:11)
  A minotaur (Gauntlet)
  3 deep elf death magi
  A fire dragon (D:15)
  A shambling mangrove (Swamp:4)
  An ice dragon (D:15)
  Harold (Lair:2)
  A deep elf high priest (Elf:3)
  26 hydras
  Fannar (D:10)
  3 salamander tyrants (Snake:4)
  A catoblepas (Lair:3)
  4 ghost crabs
  9 alligators
  Erica (D:11)
  29 dancing weapons
  4 centaur warriors
  14 anacondas
  3 tengu warriors
  4 boulder beetles
  7 naga warriors
  3 two-headed ogres
  The ghost of Tenar the Arsonist, a novice DsCA of Ignis (D:9)
  3 death yaks (Lair:5)
  A spriggan berserker (Swamp:4)
  2 orc high priests (Orc:2)
  6 shock serpents
  18 naga sharpshooters
  Urug (D:12)
  8 deep elf knights
  5 sixfirhies (Gauntlet)
  A goliath frog (Swamp:3)
  2 sea snakes (Snake:3)
  5 salamander mystics
  7 bog bodies
  8 deep elf archers
  3 spriggan druids
  Pikel (D:6)
  14 naga ritualists
  16 deep elf zephyrmancers
  An orc knight (Orc:2)
  13 swamp dragons
  5 necromancers
  19 deep elf pyromancers
  4 cyclopes
  An ugly thing (D:12)
  10 mana vipers
  9 orc sorcerers
  A manticore (D:15)
  2 will-o-the-wisps
  3 guardian serpents
  15 naga magi
  39 black mambas
  An elephant (D:10)
  2 ice statues (IceCv)
  7 salamanders
  Maurice (D:8)
  3 unseen horrors
  4 gargoyles
  14 cane toads
  5 ice devils (IceCv)
  2 freezing wraiths
  7 komodo dragons
  2 rime drakes
  2 tengu conjurers (Gauntlet)
  An efreet (D:15)
  4 anaconda simulacra (IceCv)
  A yaktaur (shapeshifter) (D:13)
  6 trolls
  10 polar bears
  11 hornets
  10 tyrant leeches
  3 large abominations (Elf:1)
  19 blink frogs
  A dream sheep (Lair:5)
  A vampire (D:14)
  3 air elementals (Elf:2)
  2 water elementals
  A shadow (D:12)
  23 slime creatures
  5 wyverns
  17 spriggans
  3 dire elephant simulacra (IceCv)
  4 fire bats (Lair:3)
  2 fire elementals
  An unseen horror simulacrum (D:9)
  40 yaks
  A wraith (D:14)
  3 basilisks
  A steam dragon (D:5)
  A death yak simulacrum (IceCv)
  4 wargs
  28 vampire mosquitoes
  31 nagas
  3 harpy simulacra (IceCv)
  12 swamp worms
  20 water moccasins
  6 black bears
  8 swamp drakes
  8 ice beasts
  21 orc warriors
  2 ogres
  4 boggarts (Lair:5)
  19 wolves
  21 centaurs
  A lemure (D:6)
  5 elf zombies (Elf:1)
  A phantom (D:6)
  3 kobold brigands
  15 bullfrogs
  A two-headed ogre simulacrum (IceCv)
  4 earth elementals
  A gnoll sergeant (Orc:2)
  5 scorpions
  11 killer bees
  4 wights (D:6)
  3 howler monkeys (D:8)
  2 electric eels
  8 hounds
  27 orc priests
  4 jellies
  A sleepcap (D:6)
  7 iguanas
  Ijyb (D:3)
  31 orc wizards
  A troll simulacrum (IceCv)
  4 centaur simulacra
  A killer bee simulacrum (D:9)
  4 gnolls (Orc:2)
  6 adders
  2 naga simulacra (IceCv)
  A shadow imp (D:8)
  3 white imps
  6 ufetubi
  3 worms
  A dart slug (D:2)
  66 orcs
  5 endoplasms
  2 giant cockroaches
  5 goblins
  3 hobgoblins (D:1)
  14 kobolds
  5 quokkas
  6 ball pythons
  5 bats
  4 frilled lizards
  6 rats
1081 creatures vanquished.

Vanquished Creatures (collateral kills)
  An eleionoma (Swamp:2)
  A hydra (D:12)
  2 death yaks (Lair:5)
  A dancing weapon (Elf:2)
  A deep elf zephyrmancer (Elf:2)
  3 yaks (Lair:5)
9 creatures vanquished.

Vanquished Creatures (others)
  An alligator (Swamp:1)
  2 naga warriors
  2 spriggans
  2 deep elf knights (Elf:2)
  A swamp dragon (Swamp:4)
  A deep elf pyromancer (Elf:2)
  2 bloated husks
  2 hornets
  An orc wizard (Orc:2)
  3 foxfires
17 creatures vanquished.

Grand Total: 1107 creatures vanquished

Notes
Turn   | Place    | Note
-------+----------+-------------------------------------------
     0 | D:1      | Dirtsage the Hill Orc Fighter began the quest for the Orb.
     0 | D:1      | Reached XP level 1. HP: 19/19 MP: 1/1
    74 | D:1      | Reached skill level 3 in Axes
   177 | D:1      | Reached XP level 2. HP: 26/26 MP: 2/2
   268 | D:1      | Reached skill level 4 in Axes
   698 | D:1      | Reached XP level 3. HP: 31/31 MP: 3/3
   948 | D:2      | Found Gowko's General Store.
   952 | D:2      | Bought a scroll of identify for 26 gold pieces
   960 | D:2      | Found Kilucis's Jewellery Shoppe.
  1047 | D:2      | Found a faded altar of an unknown god.
  1136 | D:2      | Noticed a +0 triple sword
  1139 | D:2      | Found Oloudgh's Weapon Shoppe.
  1140 | D:2      | Noticed a +0 demon whip
  1342 | D:2      | Found Guogyodots's General Store.
  1355 | D:2      | Bought a potion of curing for 33 gold pieces
  1400 | D:3      | Reached skill level 5 in Axes
  1528 | D:3      | Found an opulent altar of Gozag.
  1573 | D:3      | Found a basalt altar of Yredelemnul.
  1850 | D:3      | Noticed Ijyb
  1868 | D:3      | Killed Ijyb
  1869 | D:3      | Reached skill level 6 in Axes
  1869 | D:3      | Reached XP level 4. HP: 20/39 MP: 4/4
  2590 | D:4      | Reached XP level 5. HP: 45/45 MP: 5/5
  2600 | D:4      | Reached skill level 7 in Axes
  2729 | D:4      | Found a burning altar of Makhleb.
  2895 | D:4      | Reached skill level 8 in Axes
  2895 | D:4      | Reached XP level 6. HP: 45/51 MP: 6/6
  3279 | D:5      | Entered Level 5 of the Dungeon
  3281 | D:5      | Noticed a water moccasin
  3293 | D:5      | Killed a water moccasin
  3294 | D:5      | Reached skill level 9 in Axes
  3358 | D:5      | Reached XP level 7. HP: 51/57 MP: 7/7
  3404 | D:5      | Reached skill level 10 in Axes
  3498 | D:5      | Found Qifauriq's Weapon Shoppe.
  3509 | D:5      | Noticed a steam dragon
  3521 | D:5      | Killed a steam dragon
  3522 | D:5      | Reached skill level 11 in Axes
  3690 | D:5      | Reached XP level 8. HP: 55/64 MP: 8/8
  3905 | D:5      | Reached skill level 12 in Axes
  4030 | D:5      | Found a white marble altar of Elyvilon.
  4397 | D:6      | Reached skill level 13 in Axes
  4576 | D:6      | Reached skill level 14 in Axes
  4636 | D:6      | Noticed Pikel
  4666 | D:6      | Killed Pikel
  4667 | D:6      | Reached skill level 15 in Axes
  4667 | D:6      | Reached XP level 9. HP: 40/70 MP: 9/9
  4773 | D:6      | Found a shimmering blue altar of Sif Muna.
  4855 | D:6      | Found a sparkling altar of Nemelex Xobeh.
  5245 | D:6      | Found a glowing golden altar of the Shining One.
  5423 | D:7      | Reached skill level 16 in Axes
  5649 | D:7      | Found a staircase to the Ecumenical Temple.
  5657 | Temple   | Entered the Ecumenical Temple
  5985 | D:7      | Found a blossoming altar of Fedhas.
  6339 | D:8      | Noticed Maurice
  6346 | D:8      | Paralysed by something for 2 turns
  6352 | D:8      | Something stole an amulet of magic regeneration
  6363 | D:8      | Paralysed by something for 5 turns
  6364 | D:8      | Something stole a staff of poison
  6371 | D:8      | Something stole 355 gold
  6377 | D:8      | Killed Maurice
  6473 | D:8      | Reached XP level 10. HP: 77/79 MP: 12/12
  6594 | D:8      | Found a stormy altar of Qazlal.
  6677 | D:8      | Became a worshipper of Qazlal Stormbringer
  6808 | D:5      | Bought a +1 battleaxe of flaming for 243 gold pieces
  7227 | D:9      | Noticed Tenar's ghost (novice DsCA)
  7249 | D:9      | Reached skill level 17 in Axes
  7412 | D:9      | Found a runed translucent gate.
  7412 | D:9      | Found a runed translucent gate.
  7412 | D:9      | Found a runed translucent gate.
  7610 | D:9      | Identified the +6 quarterstaff of Ruination {vamp, *Corrode
                  | rElec Int+3}
  8087 | D:9      | HP: 3/80 [Tenar's ghost (10)]
  8088 | D:9      | Killed Tenar's ghost
  8089 | D:9      | Reached skill level 5 in Fighting
  8089 | D:9      | Reached skill level 5 in Invocations
  8101 | D:9      | Gained mutation: Your magical capacity is low. (-10% MP)
                  | [potion of mutation]
  8101 | D:9      | Gained mutation: You have a pair of small horns on your
                  | head. [potion of mutation]
  8245 | D:9      | Reached skill level 5 in Armour
  8467 | D:10     | Entered Level 10 of the Dungeon
  8707 | D:10     | Noticed an elephant
  8731 | D:10     | Killed an elephant
  8731 | D:10     | Reached * piety under Qazlal
  8831 | D:10     | Reached XP level 11. HP: 83/90 MP: 15/15
  8889 | D:10     | Noticed Fannar
  8912 | D:10     | Killed Fannar
  9109 | D:10     | Found a staircase to the Lair.
  9607 | D:10     | Lost mutation: Your magical capacity is low. (-10% MP)
                  | [potion of mutation]
  9607 | D:10     | Lost mutation: You have a pair of small horns on your head.
                  | [potion of mutation]
  9607 | D:10     | Gained mutation: You are partially covered in iridescent
                  | scales. (AC +2) [potion of mutation]
  9607 | D:10     | Gained mutation: You are weak. (Str -2) [potion of
                  | mutation]
  9607 | D:10     | Gained mutation: You are covered in fur. (AC +1) [potion of
                  | mutation]
  9641 | Lair:1   | Entered Level 1 of the Lair of Beasts
  9866 | Lair:1   | Reached skill level 18 in Axes
  9866 | Lair:1   | Reached skill level 10 in Invocations
 10424 | Lair:1   | Reached ** piety under Qazlal
 10515 | Lair:1   | Identified the +2 leather armour "Xealim" {rC++ Will+
                  | Slay+3}
 10951 | Lair:2   | Found a staircase to the Snake Pit.
 11036 | Lair:2   | Reached XP level 12. HP: 28/102 MP: 20/20
 11055 | Lair:2   | Reached skill level 1 in Dodging
 11110 | Lair:2   | Noticed Harold
 11116 | Lair:2   | Killed Harold
 11154 | Lair:2   | Found a frozen archway.
 11170 | IceCv    | Entered an ice cave
 11745 | IceCv    | HP: 4/104 [harpy simulacrum (5)]
 12412 | Lair:2   | Reached *** piety under Qazlal
 12445 | Lair:2   | Found a staircase to the Swamp.
 12477 | Lair:2   | Noticed Gastronok
 12488 | Lair:2   | Killed Gastronok
 13098 | Lair:2   | Reached XP level 13. HP: 112/112 MP: 23/23
 13121 | Lair:2   | Reached skill level 19 in Axes
 13794 | Lair:3   | Reached skill level 10 in Fighting
 13965 | Lair:3   | Identified the +3 scale mail of Shielding {Str+8}
 14030 | Lair:3   | You fall into a shaft and drop 1 floor!
 14054 | Lair:4   | Upgraded the game from 0.31-a0-846-gb3bcc0d938 to
                  | 0.31-a0-848-gaac375c287
 14761 | Lair:3   | Reached skill level 1 in Evocations
 15815 | Lair:5   | Entered Level 5 of the Lair of Beasts
 15885 | Lair:5   | Found a viscous altar of Jiyva.
 15885 | Lair:5   | Found a staircase to the Slime Pits.
 15991 | Lair:5   | Reached **** piety under Qazlal
 16228 | Lair:5   | Paralysed by a hornet for 2 turns
 16503 | Lair:5   | Paralysed by a hornet for 1 turns
 16516 | Lair:5   | Reached XP level 14. HP: 77/122 MP: 24/24
 16682 | Lair:5   | Reached skill level 10 in Armour
 16909 | Lair:5   | Reached skill level 5 in Shields
 16926 | Lair:5   | Identified the +3 hand axe of Alemn {speed, rCorr Int+2}
 17060 | Lair:5   | Reached skill level 5 in Evocations
 17069 | Lair:5   | Reached ***** piety under Qazlal
 17083 | Lair:5   | Reached skill level 5 in Dodging
 17425 | Lair:5   | Reached skill level 15 in Invocations
 18074 | D:11     | Found an iron altar of Okawaru.
 18361 | D:11     | Found a gate leading to a gauntlet.
 18366 | Gauntlet | Entered a Gauntlet
 18366 | Gauntlet | Found a transporter.
 18366 | Gauntlet | Found a transporter.
 18370 | Gauntlet | Found a transporter.
 18371 | Gauntlet | Found a transporter.
 18380 | Gauntlet | Found a transporter.
 18386 | Gauntlet | Noticed a dire elephant
 18390 | Gauntlet | Found a transporter.
 18390 | Gauntlet | Found a transporter.
 18402 | Gauntlet | Found a transporter.
 18412 | Gauntlet | Found a transporter.
 18437 | Gauntlet | Found a transporter.
 18484 | Gauntlet | Found a transporter.
 18506 | Gauntlet | Found a transporter.
 18516 | Gauntlet | Found a transporter.
 18671 | Gauntlet | Found a transporter.
 18718 | Gauntlet | Found a transporter.
 18739 | Gauntlet | Found a transporter.
 18884 | Gauntlet | Reached skill level 20 in Axes
 18902 | Gauntlet | Identified the ring of the Hippogriff {rCorr MP+9 Dex-3
                  | SInv}
 19073 | Gauntlet | Identified the ring of Cynicism {Will+ Int+2}
 19171 | D:11     | Noticed Erica
 19177 | D:11     | Killed Erica
 19301 | D:11     | Noticed Snorg
 19311 | D:11     | Killed Snorg
 19918 | D:12     | Reached XP level 15. HP: 128/132 MP: 26/26
 19991 | D:12     | Noticed Urug
 19997 | D:12     | Killed Urug
 20113 | D:12     | Found a staircase to the Orcish Mines.
 20121 | Orc:1    | Entered Level 1 of the Orcish Mines
 20128 | Orc:1    | Noticed an orc warlord
 20157 | Orc:1    | Killed an orc warlord
 20485 | Orc:2    | Entered Level 2 of the Orcish Mines
 20489 | Orc:2    | Noticed Jorgrun
 20502 | Orc:2    | Killed Jorgrun
 20570 | Orc:2    | Found a staircase to the Elven Halls.
 20736 | Orc:2    | Reached ****** piety under Qazlal
 20768 | Orc:2    | Found Kocor's Armour Shoppe.
 20768 | Orc:2    | Found Ravuvaw's Magic Scroll Emporium.
 20769 | Orc:2    | Found Pakunum's Distillery.
 20773 | Orc:2    | Found Ilurisew's Antique Weapon Shoppe.
 20778 | Orc:2    | Bought 3 scrolls of identify for 60 gold pieces
 20780 | Orc:2    | Bought a potion of curing for 45 gold pieces
 21176 | Orc:2    | Bought a scroll of blinking for 75 gold pieces
 21176 | Orc:2    | Bought a scroll of fear for 40 gold pieces
 21176 | Orc:2    | Bought a scroll of revelation for 75 gold pieces
 21184 | Orc:2    | Bought a potion of magic for 120 gold pieces
 21184 | Orc:2    | Bought a potion of berserk rage for 75 gold pieces
 21384 | Orc:1    | Found Oconob's General Store.
 21393 | Orc:1    | Bought the amulet "Hiow" {rC+ Regen+} for 528 gold pieces
 21694 | Swamp:1  | Entered Level 1 of the Swamp
 21701 | Swamp:1  | Noticed Nikola
 22854 | D:14     | Found a gate to the Vaults.
 23505 | D:15     | Entered Level 15 of the Dungeon
 23521 | D:15     | Reached XP level 16. HP: 141/141 MP: 28/28
 23535 | D:15     | Reached skill level 1 in Hexes
 23836 | D:15     | Found a staircase to the Depths.
 23900 | D:15     | Reached skill level 1 in Transmutations
 24268 | Depths:1 | Entered Level 1 of the Depths
 24617 | Swamp:1  | Killed Nikola
 24875 | Swamp:1  | Identified the +6 whip of Invincibility {antimagic, rN++}
 25086 | Swamp:2  | Noticed a thorn hunter
 25110 | Swamp:2  | Killed a thorn hunter
 25132 | Swamp:2  | Noticed Louise
 25138 | Swamp:2  | Killed Louise
 25139 | Swamp:2  | Reached skill level 21 in Axes
 25220 | Swamp:2  | Noticed Aizul
 25238 | Swamp:2  | Killed Aizul
 26385 | Swamp:4  | Entered Level 4 of the Swamp
 26430 | Swamp:4  | Reached XP level 17. HP: 95/150 MP: 29/29
 26434 | Swamp:4  | Noticed Donald
 26443 | Swamp:4  | Killed Donald
 26546 | Swamp:4  | Reached skill level 10 in Evocations
 27025 | Swamp:4  | Reached skill level 10 in Shields
 27132 | Swamp:4  | Got a decaying rune of Zot
 27477 | Snake:1  | Entered Level 1 of the Snake Pit
 27581 | Snake:1  | Found a snail-covered altar of Cheibriados.
 27665 | Snake:1  | Reached skill level 5 in Hexes
 28440 | Snake:2  | Noticed Vashnia
 28456 | Snake:2  | Killed Vashnia
 28685 | Snake:2  | Reached XP level 18. HP: 160/160 MP: 30/30
 29925 | Snake:3  | Identified the +0 ring mail of the Oni {Fly rC+ Will-
                  | Str+5}
 30214 | Snake:3  | Got a graven book
 30220 | Snake:3  | Learned a level 2 spell: Wereblood
 30226 | Snake:3  | Learned a level 5 spell: Yara's Violent Unravelling
 30229 | Snake:3  | Learned a level 2 spell: Lesser Beckoning
 30536 | Snake:4  | Entered Level 4 of the Snake Pit
 30605 | Snake:4  | Noticed Mlioglotl
 30616 | Snake:4  | Killed Mlioglotl
 30683 | Snake:4  | Reached skill level 22 in Axes
 30939 | Snake:4  | Reached skill level 5 in Transmutations
 31082 | Snake:4  | Noticed a quicksilver dragon
 31103 | Snake:4  | Killed a quicksilver dragon
 31124 | Snake:4  | Reached skill level 15 in Fighting
 31197 | Snake:4  | Got a serpentine rune of Zot
 31312 | Snake:4  | Identified the +1 buckler of Impressiveness {Will+ Regen+
                  | rCorr}
 31773 | Elf:1    | Entered Level 1 of the Elven Halls
 31793 | Elf:1    | Reached XP level 19. HP: 163/170 MP: 32/32
 32361 | Elf:1    | Got a moth-eaten book
 32941 | Elf:2    | Paralysed by an air elemental for 1 turns
 32981 | Elf:2    | Reached skill level 1 in Translocations
 32993 | Elf:2    | Reached skill level 1 in Spellcasting
 33091 | Elf:2    | Paralysed by an air elemental for 1 turns
 33093 | Elf:2    | Paralysed by an air elemental for 1 turns
 33274 | Elf:2    | Found a runed translucent gate.
 33274 | Elf:2    | Found a runed translucent gate.
 33285 | Elf:2    | Found a runed translucent gate.
 34060 | Elf:3    | Entered Level 3 of the Elven Halls
 34062 | Elf:3    | Found Dimpih's Book Boutique.
 34260 | Elf:3    | Killed from afar by a deep elf annihilator

Illustrated notes

Levels and vault maps discovered:
D:1:      dpeg_arrival_water_temple_mockup, layout_loops_ring, minmay_cupped
D:2:      layout_basic, serial_shops, nicolae_diamond_shop,
          nicolae_shop_pleasant_corner_grove, shop, nicolae_shop_mannequins,
          ebering_ecumenical_altar_box
D:3:      layout_basic, yredelemnul_altar_generic, nicolae_gozag_seed_capital,
          uniq_ijyb
D:4:      layout_basic, makhleb_blood_cavern_becter, serial_rivers,
          chequers_serial_rivers_room_a, chequers_serial_rivers_micro_e,
          chequers_serial_rivers_micro_b, chequers_serial_rivers_micro_a,
          kennysheep_path_1
D:5:      layout_loops_ring, mainiacjoe_overflow_paths, serial_shops,
          nicolae_shop_statue_plus
D:6:      layout_rooms, old_standard_altar, tgw_sif, kennysheep_mini, uniq_pikel
D:7:      minmay_inner_zag, layout_loops_ring, fedhas_altar_1,
          minmay_temple_entry_purple_smoke
D:8:      layout_loops_ring, lemuel_crystal_altar, uniq_maurice
D:9:      layout_basic, gammafunk_ghost_icy
D:10:     layout_loops_ring, david_lair_generic, chequers_serial_rivers_micro_e,
          uniq_fannar
D:11:     layout_irregular_city, gauntlet_entry_generic,
          chequers_hall_statues_corner_a, david_defended_altar_orc, uniq_erica,
          uniq_snorg
D:12:     layout_cross, orc_0_dummy, drop_trap, uniq_urug
D:13:     layout_long_grid
D:14:     layout_basic, david_vaults_1, serial_ice, serial_ice_i, serial_ice_o,
          serial_ice_a, serial_ice_b
D:15:     grunt_enter_depths_hoard, layout_long_grid, grunt_ministairs_4
Temple:   nicolae_temple_figure_eight
Lair:1:   layout_cave_shapes, serial_bayou_shore_b
Lair:2:   layout_regular_city, swamp_mist_pool,
          minmay_snake_entry_six_corridors, portal_ice_cave_entry_pillars_2,
          gammafunk_lair_bear_cave, lemuel_fruit_tree,
          infiniplex_staircase_pool, serial_bayou_shore_b, uniq_harold,
          uniq_gastronok
Lair:3:   layout_gridlike
Lair:4:   layout_regular_city
Lair:5:   minmay_lair_end_enchanted_forest, layout_regular_city, slime_entry_1,
          grunt_megastairs_1, serial_bayou_shore_b, infiniplex_staircase_pool_2
Swamp:1:  layout_falls_marsh, nicolae_swamp_ascending_descending, uniq_nikola
Swamp:2:  layout_basic_swamp, evilmike_swamp_ruin_house_6, uniq_aizul,
          uniq_louise
Swamp:3:  layout_basic_swamp, nicolae_swamp_fairy_circle
Swamp:4:  swamp_basic_johnstein, layout_basic_swamp, swamp_pool2,
          nicolae_swamp_triple_paths, uniq_donald
Snake:1:  layout_rooms, basic_altar, grunt_megastairs_4
Snake:2:  layout_onion, statue_in_the_mist_lemuel, grunt_megastairs_3,
          uniq_vashnia
Snake:3:  layout_chambers, nicolae_snake_naga_rites, serial_bayou_shore_a
Snake:4:  hellmonk_snake_rune_quicksilver_temple, layout_cave_town,
          serial_bayou_pond_d, uniq_mlioglotl
Orc:1:    layout_caves, serial_shops, shop, dreamdust_deal_with_the_devil
Orc:2:    st_orc_mages, layout_caves, uniq_jorgrun
Elf:1:    eino_elf_arrival_customs, layout_loops_corners, minmay_elf_necromancy
Elf:2:    nicolae_elf_blades_splatter_lattice [nicolae_blade_entry_pointy_end],
          layout_rooms
Elf:3:    minmay_elf_hall_spiked, layout_geoelf_octagon, serial_shops,
          nicolae_book_shop_shelving, drop_trap
Depths:1: layout_cave_shapes, hell_entry, minmay_misc_feat_rows,
          serial_column_ruins, column_ruins_hut_water, column_ruins_open_small,
          column_ruins_grid_1, column_ruins_grid_1, abyss_entry,
          minmay_serpent_palace

Skill      XL: |  1  2  3  4  5  6  7  8  9 10 11 12 13 14 15 16 17 18 19 |
---------------+----------------------------------------------------------+-----
Axes           | 3 4 6 8 9 11 15 16 17 18 19 20 21 22 | 22.6
Fighting       | 4 6 8 9 10 11 12 13 14 15 | 15.7
Invocations    | 3 7 11 13 14 15 16 17 18 | 18.6
Armour         | 5 7 8 9 10 11 12 13 14 | 14.3
Dodging        | 3 4 5 6 7 |  7.1
Evocations     | 4 7 9 10 | 10.6
Shields        | 4 6 7 9 10 12 13 | 13.3
Hexes          | 3 5 6 8 |  8.0
Transmutations | 2 4 5 |  5.9
Translocations | 2 |  2.5
Spellcasting   | 2 |  2.3

Action                     |  1- 3 |  4- 6 |  7- 9 | 10-12 | 13-15 | 16-18 | 19-21 || total
---------------------------+-------+-------+-------+-------+-------+-------+-------++-------
  Melee: War axe           |   116 |    75 |   336 |    19 |     2 |   125 |       ||   673
         Battleaxe         |       |       |       |   393 |   358 |       |       ||   751
         Headbutt          |       |       |       |    19 |       |       |       ||    19
         Broad axe         |       |       |       |       |   528 |  1068 |   475 ||  2071
 Invoke: Upheaval          |       |       |       |     1 |     5 |     9 |     7 ||    22
         Elemental Force   |       |       |       |       |     2 |     1 |     1 ||     4
    Use: Scroll            |     2 |       |       |    10 |    17 |     2 |     3 ||    34
         Potion            |       |       |       |    14 |       |       |       ||    14
   Stab: Paralysed         |       |       |       |       |     3 |       |       ||     3
         Distracted        |       |       |       |       |       |     2 |       ||     2
 Armour: Scale mail        |    12 |       |       |       |       |       |       ||    12
         Chain mail        |    62 |    42 |   163 |   170 |       |       |       ||   437
         Leather armour    |       |       |       |   103 |   452 |   104 |       ||   659
         Swamp dragon scal |       |       |       |       |       |   688 |   282 ||   970
  Dodge: Dodged            |    26 |    14 |    55 |   135 |   461 |   521 |   102 ||  1314
         Repelled          |       |       |       |       |     3 |    27 |     7 ||    37
  Block: Buckler           |    43 |    31 |   122 |     5 |   380 |   125 |       ||   706
         Reflection        |     1 |       |     3 |     2 |    27 |    74 |    25 ||   132
         Other             |       |       |       |   100 |   137 |       |       ||   237
         Kite shield       |       |       |       |       |       |   853 |   289 ||  1142

Table legend: (Time is in decaauts)
 A = Elapsed time spent in this place.
 B = Non-inter-level travel time spent in this place.
 C = Inter-level travel time spent in this place.
 D = Time resting spent in this place.
 E = Time spent auto-exploring this place.
 F = Levels seen in this place.
 G = Mean time per level.
                   A        B        C        D        E       F      G
               +--------+--------+--------+--------+--------+-----+--------+
         Total |  35235 |  32616 |   2619 |   2047 |  24302 |  37 |  952.3 |
       Dungeon |  13974 |  12509 |   1465 |    192 |  10468 |  15 |  931.6 |
        Temple |      1 |      1 |      0 |      0 |      0 |   1 |    1.0 |
          Lair |   7753 |   7320 |    433 |    749 |   5550 |   5 | 1550.6 |
         Swamp |   3143 |   2908 |    235 |     79 |   2013 |   4 |  785.8 |
     Snake Pit |   4310 |   4088 |    222 |    165 |   3084 |   4 | 1077.5 |
  Orcish Mines |   1494 |   1340 |    154 |      0 |   1101 |   2 |  747.0 |
   Elven Halls |   2542 |   2434 |    108 |    116 |   1651 |   3 |  847.3 |
        Depths |     14 |     14 |      0 |      0 |      0 |   1 |   14.0 |
      Ice Cave |   1220 |   1220 |      0 |    649 |    352 |   1 | 1220.0 |
      Gauntlet |    779 |    779 |      0 |     97 |     81 |   1 |  779.0 |
               +--------+--------+--------+--------+--------+-----+--------+

Top non-repeatable levels by time:
  Lair:5: 2142 daAuts
  Lair:2: 2090 daAuts
 Snake:3: 1570 daAuts
     D:9: 1404 daAuts
  Lair:1: 1329 daAuts
  Lair:3: 1229 daAuts
   IceCv: 1220 daAuts
    D:11: 1205 daAuts
   Elf:1: 1180 daAuts
   Elf:2: 1168 daAuts
    D:10: 1151 daAuts
     D:5: 1082 daAuts
 Swamp:4: 1056 daAuts
 Snake:4: 1038 daAuts
     D:4: 982 daAuts
